[Event "*** Titled Tuesday Blitz"]
[Site "Chess.com"]
[Date "2021.04.06"]
[Round "1"]
[White "QuintilianoR"]
[Black "DrMamaliga"]
[Result "1-0"]
[WhiteElo "2716"]
[BlackElo "2388"]
[TimeControl "180+1"]
[EndTime "10:07:59 PDT"]
[Termination "QuintilianoR won by checkmate"]

1. Nf3 g6 2. c4 Bg7 3. d4 c5 4. Nc3 cxd4 5. Nxd4 Nc6 6. Nc2 Nf6 7. e4 O-O 8. Be2 d6 9. O-O a5 10. Be3 Nd7 11.
Rc1 Bxc3 12. bxc3 Nce5 13. f4 Nc6 14. Nd4 Nc5 15. Bf3 Qb6 16. Nb5 Be6 17. Qe2 a4 18.
Rb1 Na5 19. Nd4 Qa6 20. Nxe6 Nxe6 21. f5 Qxc4 22. fxe6 Qxe6 23. Bh6 Rfc8 24. Bg4 Qc4 25. Qf3 Rf8 26. Bxf8 Rxf8 27. Rf2 Nc6 28. Qe3 Ne5 29. Be2 Qxa2 30. Rxb7 a3 31. Qc1 Rc8 32. h3 Kg7 33.
Ra7 Qb2 34. Qxb2 axb2 35. Rb7 Rxc3 36. Rxb2 f6 37. Bf1 g5 38. Rfc2 Rg3 39. Kh2 Re3 40. Re2 Rd3 41. Re1 Rd4 42. Rb7 Kf7 43. Kg1 Ra4 44.
Bb5 Ra2 45. Be2 Ra4 46. Bh5+ Kf8 47. Rc1 Rxe4 48. Kh2 Nc4 49. Bf3 Rf4 50. Be2 d5 51. Bxc4 dxc4 52. Rc7 Rf2 53. R7xc4 h5 54. R4c2 Rf4 55.
Re1 h4 56. Rc8+ Kf7 57. Rc7 Kg6 58. Rexe7 g4 59. Rg7+ Kf5 60. Rxg4 Rf2 61. Rxh4 Kg5 62. Rcc4 f5 63. Rhd4 f4 64. Rd5+ Kh4 65. Rxf4+ Rxf4 66. g3# 1-0

[Event "*** Titled Tuesday Blitz"]
[Site "Chess.com"]
[Date "2021.04.06"]
[Round "1"]
[White "Vincent_Vega95"]
[Black "SHIVACalypso"]
[Result "1/2-1/2"]
[WhiteElo "2704"]
[BlackElo "2395"]
[TimeControl "180+1"]
[EndTime "10:08:01 PDT"]
[Termination "Game drawn by repetition"]

1. d4 Nf6 2. c4 e6 3. Nc3 Bb4 4. e3 O-O 5. Ne2 c6 6. a3 Ba5 7. b4 Bc7 8. e4 d5 9. e5 Nfd7 10. Nf4 a5 11. Rb1 axb4 12. axb4 c5 13. bxc5 Ba5 14.
Bd2 Nc6 15. Nb5 dxc4 16. Bxc4 Nxd4 17. Nxd4 Nxe5 18. Nb3 Nxc4 19. Bxa5 Nxa5 20. Qxd8 Rxd8 21.
Ra1 e5 22. Ne2 Be6 23. Nxa5 Ra6 24. O-O Rda8 25. Rfb1 Rxa5 26. Rxa5 Rxa5 27. c6 Bd5 28. c7 Rc5 29. Rc1 Rxc1+ 30. Nxc1 Be6 31. Nd3 Kf8 32. Nc5 Ke7 33. Nxe6 Kd7 34. Nxg7 Kxc7 35. Kf1 b5 36. Ke2 b4 37. Kd2 Kc6 38. Kc2 Kc5 39. Nf5 Kc4 40. Ne3+ Kd4 41. Kb3 Kd3 42. Kxb4 Ke2 43. Ng4 f5 44.
Nxe5 Kxf2 45. h4 Kxg2 46. Kc4 Kg3 47. h5 Kh4 48. h6 Kg5 49. Kd4 Kxh6 50. Ke3 Kg5 51.
Kf3 h5 52. Nd3 h4 53. Nf2 Kh5 54. Nh3 Kg6 55. Kf4 Kf6 56. Nf2 Kg6 57. Nh3 Kh5 58. Nf2 Kg6 59. Nh3 1/2-1/2

[Event "*** Titled Tuesday Blitz"]
[Site "Chess.com"]
[Date "2021.04.06"]
[Round "1"]
[White "mr65"]
[Black "Stormeman100100"]
[Result "0-1"]
[WhiteElo "2140"]
[BlackElo "2519"]
[TimeControl "180+1"]
[EndTime "10:08:01 PDT"]
[Termination "Stormeman100100 won on time"]

1. e4 e5 2. Nf3 Nc6 3. Bb5 Nf6 4. d3 Bc5 5. O-O Nd4 6. Nxd4 Bxd4 7. c3 Bb6 8. Bg5 c6 9. Ba4 h6 10. Bh4 g5 11.
Bg3 d6 12. d4 Nxe4 13. dxe5 Nxg3 14. hxg3 dxe5 15. Qxd8+ Kxd8 16. Bb3 Ke7 17. Nd2 f6 18.
a4 a5 19. Nc4 Bc7 20. Bc2 f5 21. Rfe1 Kf6 22. Rad1 Be6 23. Nd6 Rhd8 24. Nxb7 Rxd1 25.
Bxd1 Rb8 26. Nc5 Rxb2 27. Nxe6 Kxe6 28. g4 Bb6 29. Be2 e4 30. Bc4+ Ke5 31. Re2 Rb1+ 32.
Kh2 fxg4 33. Bd3 Rb3 34. Bxe4 Rxc3 35. Bxc6+ Kf6 36. Bb5 h5 37. g3 h4 38. Bd7 Rc4 39. Re6+ Kf7 40. Rxb6 Rc2 41. Kg2 h3+ 42. Kg1 Rc1+ 43.
Kh2 Rf1 44. Bxg4 Rxf2+ 45. Kxh3 Ra2 46. Bd7 Ke7 47. Bb5 Kf7 48. Kg4 Rd2 49. Ra6 Rd5 50.
Rxa5 Kf6 51. Ra6+ Ke5 52. Rg6 Kd4 53. Rxg5 Rd8 54. Rg7 Ke4 55. Kh5 Kf5 56. Rf7+ Ke6 57. Bc4+ Ke5 58. g4 Rd4 59. g5 Rxc4 0-1

[Event "*** Titled Tuesday Blitz"]
[Site "Chess.com"]
[Date "2021.04.06"]
[Round "1"]
[White "Grandmaster1369"]
[Black "eljanov"]
[Result "0-1"]
[WhiteElo "2446"]
[BlackElo "2871"]
[TimeControl "180+1"]
[EndTime "10:08:03 PDT"]
[Termination "eljanov won by resignation"]

1. e4 c6 2. d4 d5 3. Nd2 dxe4 4. Nxe4 Nf6 5. Nxf6+ exf6 6. c3 Bd6 7. Bd3 Na6 8. Ne2 Nc7 9. O-O O-O 10. Qc2 g6 11.
Bd2 Nd5 12. a3 Qc7 13. h3 Be6 14. c4 Nf4 15. Nxf4 Bxf4 16. Bc3 f5 17. Rfe1 Rfe8 18. Rad1 Rad8 19. Bf1 h5 20. b3 h4 21. Bb2 Bc8 22.
Qc3 f6 23. Qf3 Kg7 24. Rxe8 Rxe8 25. d5 c5 26. Qc3 Be5 27. Qc2 Qd6 28. Bxe5 fxe5 29.
Qd2 b6 30. Qg5 Qf6 31. Qxf6+ Kxf6 32. b4 Re7 33. Rb1 Rb7 34. f3 Kg5 35. Kf2 Kf4 36.
Be2 g5 37. Rd1 a5 38. b5 Rf7 39. d6 Be6 40. Bf1 Rd7 41. Be2 e4 42. fxe4 fxe4 43. Bf1 Ke5 44. Ke3 Bf5 45. Be2 Rxd6 46. Rxd6 Kxd6 47. Bd1 Ke5 48. Be2 Be6 49. Bf1 g4 50. hxg4 Bxg4 51. Kf2 Kf4 52. Ke1 e3 53. a4 Kg3 54. Be2 Bxe2 55. Kxe2 Kxg2 56. Kxe3 h3 57. Ke4 h2 58. Kd5 h1=Q 59. Kc6 Qh6+ 0-1

[Event "*** Titled Tuesday Blitz"]
[Site "Chess.com"]
[Date "2021.04.06"]
[Round "1"]
[White "JQuiroga18"]
[Black "DrVelja"]
[Result "0-1"]
[WhiteElo "2449"]
[BlackElo "2874"]
[TimeControl "180+1"]
[EndTime "10:08:05 PDT"]
[Termination "DrVelja won by resignation"]

1. e4 c6 2. Nc3 d5 3. Nf3 Bg4 4. h3 Bxf3 5. Qxf3 e6 6. d3 Nf6 7. a3 Nbd7 8. g3 Be7 9. Bg2 O-O 10. O-O a5 11. Qe2 dxe4 12. Nxe4 a4 13. d4 Nxe4 14. Qxe4 Bg5 15. f4 Bf6 16. c3 g6 17. Bd2 Qb6 18.
Qc2 Qb5 19. Be3 Nb6 20. Rae1 Nc4 21. Bc1 Rfe8 22. Rf2 Kg7 23. Bf1 Qd5 24. Qe2 b5 25. Bg2 Qd7 26. Qe4 Rac8 27. Rfe2 c5 28. dxc5 Rxc5 29.
Qb7 Qxb7 30. Bxb7 Rd8 31. Be4 h5 32. Be3 Rc7 33. Bc1 Rd6 34. Kf2 Rcd7 35. Bc2 Bd8 36.
Kf3 Bf6 37. Kf2 Rc7 38. Kf3 Na5 39. Be3 Rc8 40. Rd2 Rxd2 41. Bxd2 Nc4 42. Bc1 Nxa3 43. Bd3 Nc4 44. Re4 Kf8 45. Ke2 Ke7 46. Kd1 Kd6 47. Kc2 Kd5 48. Re2 Kc5 49. Be4 Rd8 50. Be3+ Kd6 51. Bd3 Kc6 52. Be4+ Kc7 53. g4 hxg4 54. hxg4 Rh8 55. g5 Bg7 56. Bc5 Rh4 57. Rf2 Rh3 58. Bd3 Nxb2 59. Bxb5 Rxc3+ 60. Kxb2 Rxc5+ 61. Ka3 Rxb5 62. Kxa4 Rd5 63. Kb4 Rf5 64. Kc4 e5 65. Kd3 Rxf4 66. Rc2+ Kd6 67. Ke2 Ke6 68. Rc6+ Kf5 0-1

[Event "*** Titled Tuesday Blitz"]
[Site "Chess.com"]
[Date "2021.04.06"]
[Round "1"]
[White "Romadk"]
[Black "tapu2"]
[Result "0-1"]
[WhiteElo "2350"]
[BlackElo "2658"]
[TimeControl "180+1"]
[EndTime "10:08:06 PDT"]
[Termination "tapu2 won by checkmate"]

1. d4 Nf6 2. Nf3 d5 3. g3 e6 4. Bg2 b5 5. O-O Be7 6. Bg5 Nbd7 7. Qd3 a6 8. a4 bxa4 9. Rxa4 c5 10. c4 Bb7 11. Nc3 O-O 12. cxd5 Nxd5 13. Nxd5 Bxd5 14.
Bxe7 Qxe7 15. Rfa1 Rab8 16. e4 Bc6 17. R4a3 Bb5 18. Qe3 Rfc8 19. h4 cxd4 20. Nxd4 Qc5 21. Nxb5 Qxe3 22. Rxe3 axb5 23. Ra7 Ne5 24. b3 Rc1+ 25.
Bf1 g6 26. Kg2 Rd8 27. Bxb5 Rdd1 28. f4 Rg1+ 29. Kh3 Rh1+ 30. Kg2 Rcg1+ 31. Kf2 Ng4+ 32. Ke2 Nxe3 33. Kxe3 Rxg3+ 34. Kd4 Rxb3 35. Be8 Kf8 36. Bxf7 Rb6 37. Ke5 Rxh4 38. Bxe6 Ke8 39. f5 gxf5 40. exf5 Rh1 41. Kf6 Kd8 42. Ra8+ Kc7 43. Rc8+ Kd6 44. Rd8+ Kc5 45. Rc8+ Kd4 46. Rc4+ Kd3 47. Rc8 h5 48. Rd8+ Ke3 49. Kg5 Rg1+ 50. Kxh5 Rb2 51. f6 Rh2+ 52. Bh3 Rxh3# 0-1

[Event "*** Titled Tuesday Blitz"]
[Site "Chess.com"]
[Date "2021.04.06"]
[Round "1"]
[White "Fandorine"]
[Black "Das_Virus_2020"]
[Result "1/2-1/2"]
[WhiteElo "2895"]
[BlackElo "2465"]
[TimeControl "180+1"]
[EndTime "10:08:07 PDT"]
[Termination "Game drawn by repetition"]

1. Nf3 Nf6 2. g3 g6 3. Bg2 Bg7 4. O-O O-O 5. d3 d5 6. Nbd2 c6 7. e4 Bg4 8. h3 Bxf3 9. Qxf3 e5 10.
Qe2 Nbd7 11. a4 Qc7 12. a5 a6 13. c3 Rfe8 14. b4 Rad8 15. Nb3 dxe4 16. dxe4 c5 17.
Rb1 Rc8 18. Be3 cxb4 19. cxb4 Qc2 20. Rfe1 Qxe2 21. Rxe2 Rc3 22. Nc5 Nxc5 23. bxc5 Bf8 24. Rb6 Nd7 25. Rxb7 Nxc5 26. Ra7 Ra3 27. h4 h5 28. Rc2 Rxa5 29. Bf3 Ne6 30. Rd7 Ra4 31. Rb7 Nd4 32. Bxd4 Rxd4 33. Rcc7 a5 34. Rxf7 a4 35. Rf6 Rd6 36. Rff7 a3 37. Ra7 Rd2 38. Rfc7 a2 39. Kg2 Rb2 40. g4 Re7 41. Rxe7 Bxe7 42. gxh5 gxh5 43. Bxh5 Bxh4 44. Bf7+ Kh8 45. Rxa2 Rxa2 46.
Bxa2 Kg7 47. Kf3 Bg5 48. Bd5 Bf4 49. Kg4 Kf6 50. Bc6 Bd2 51. Bd7 Bf4 52. Bf5 Bd2 53.
Kh5 Bf4 54. f3 Bd2 55. Bg4 Bf4 56. Kh4 Be3 57. Kh3 Bf4 58. Kg2 Be3 59. Kf1 Bf4 60. Ke2 Bg5 61. Kd3 Bf4 62. Kc4 Bg5 63. Kd5 Bf4 64.
Kc4 Bg5 65. Kd5 Bf4 66. Kc4 1/2-1/2

[Event "*** Titled Tuesday Blitz"]
[Site "Chess.com"]
[Date "2021.04.06"]
[Round "1"]
[White "Vyacheslav_N"]
[Black "RobertoJBM"]
[Result "0-1"]
[WhiteElo "2388"]
[BlackElo "2715"]
[TimeControl "180+1"]
[EndTime "10:08:07 PDT"]
[Termination "RobertoJBM won on time"]

1. e4 c6 2. d4 d5 3. Nd2 dxe4 4. Nxe4 Nd7 5. Nf3 Ngf6 6. Nxf6+ Nxf6 7. c3 Bg4 8. Be2 e6 9. Ne5 Bxe2 10. Qxe2 Be7 11. O-O O-O 12. Rd1 Nd7 13. Nxd7 Qxd7 14. Bf4 Rfd8 15.
Rac1 Qd5 16. a3 Rd7 17. Rd2 Rad8 18. Rcd1 Bf6 19. h3 g6 20. g4 b5 21. f3 a5 22.
Kg2 Bg5 23. Qe3 Bxf4 24. Qxf4 b4 25. axb4 axb4 26. Qe4 Qb5 27. f4 bxc3 28. bxc3 Qc4 29.
Qd3 Qd5+ 30. Qf3 Qa5 31. Re2 c5 32. Re5 Qa2+ 33. Re2 Qa4 34. Re4 cxd4 35. f5 exf5 36. gxf5 Qc2+ 37. Kg3 Qxc3 38. Rd3 Qc1 39. fxg6 hxg6 40.
h4 Rd5 41. Rf4 Qg1+ 42. Kh3 Qe1 43. Qg4 Qe5 44. Rg3 Qh5 45. Qxh5 Rxh5 46. Rd3 Rhd5 47.
Kg4 Kg7 48. Kf3 R8d7 49. Ke4 f5+ 50. Kf3 Kf6 51. Kg3 R5d6 52. Rff3 Ke5 53. Rf2 Ke4 54. Ra3 Ke5 0-1

[Event "*** Titled Tuesday Blitz"]
[Site "Chess.com"]
[Date "2021.04.06"]
[Round "1"]
[White "CalinGheorghiu"]
[Black "suyu28"]
[Result "0-1"]
[WhiteElo "2286"]
[BlackElo "2595"]
[TimeControl "180+1"]
[EndTime "10:08:07 PDT"]
[Termination "suyu28 won by resignation"]

1. e4 c6 2. Ne2 d5 3. e5 g6 4.
Ng3 Bg7 5. d4 h5 6. h4 Nh6 7. Be2 Nf5 8. Nxf5 Bxf5 9. Bf4 Qb6 10.
b3 c5 11. c3 Nc6 12. dxc5 Qxc5 13. b4 Qb6 14. Qxd5 O-O 15. Be3 Qc7 16. f4 Rfd8 17.
Qb3 Be6 18. Qc2 Nxb4 19. Qe4 Nd5 20. Bd4 Bf5 21. Qf3 Nb4 22. Na3 Qa5 23. Nc4 Nc2+ 24. Kf2 Qc7 25. Rad1 Be6 26. Ne3 Nxe3 27. Qxe3 b6 28.
g4 hxg4 29. h5 Rac8 30. h6 Bh8 31. h7+ Kf8 32. f5 Bxf5 33. Qh6+ Ke8 34. e6 g3+ 35. Kg2 f6 36. Bb5+ Qc6+ 37. Bxc6+ Rxc6 38. Kxg3 Rxe6 39. Qf4 Kf7 40. Rhe1 Red6 41. Qf2 e5 42. Qb2 exd4 43. Qb3+ Be6 44. Rxe6 Rxe6 45. Rxd4 Rxd4 46. cxd4 f5 47.
Qd5 Bf6 48. Qd7+ Re7 49. Qd6 Re8 50. Qxf6+ Kxf6 51. Kf4 Rh8 0-1

[Event "*** Titled Tuesday Blitz"]
[Site "Chess.com"]
[Date "2021.04.06"]
[Round "1"]
[White "sergeikim"]
[Black "secretsuperstar7"]
[Result "1-0"]
[WhiteElo "2529"]
[BlackElo "2191"]
[TimeControl "180+1"]
[EndTime "10:08:07 PDT"]
[Termination "sergeikim won on time"]

1. d4 Nf6 2. c4 e6 3. Nc3 Bb4 4. Qc2 d5 5. a3 Bxc3+ 6. Qxc3 dxc4 7. Qxc4 Nbd7 8. Nf3 a6 9. g3 b5 10. Qc6 Rb8 11.
Bg2 Bb7 12. Qc2 O-O 13. O-O Rc8 14. b4 Nb6 15. Rd1 Nc4 16. Ne5 Bxg2 17. Kxg2 Qd5+ 18. Nf3 Rfd8 19. Bg5 Ng4 20. Kg1 f6 21. e4 Qd7 22. h3 fxg5 23. hxg4 Qe7 24. Ne5 Nxe5 25. dxe5 c5 26. Rxd8+ Qxd8 27. bxc5 Qd4 28. Rc1 Rc6 29.
Kg2 Qxe5 30. f3 h6 31. Qc3 Qxc3 32. Rxc3 a5 33. Kf2 b4 34. axb4 axb4 35. Rc4 b3 36. Ke3 b2 37. Rb4 Rxc5 38. Rxb2 Rc3+ 39. Kf2 Kf7 40.
f4 Rc4 41. Re2 Kg6 42. Kf3 Rc3+ 43. Re3 Rc4 44. f5+ Kf7 45. e5 Ra4 46. Rb3 Ra7 47.
Rb4 exf5 48. gxf5 Re7 49. Ke4 g6 50. f6 Ra7 51. Rb5 1-0

[Event "*** Titled Tuesday Blitz"]
[Site "Chess.com"]
[Date "2021.04.06"]
[Round "1"]
[White "bazar-wokzal"]
[Black "Spencenzug"]
[Result "1-0"]
[WhiteElo "2568"]
[BlackElo "2251"]
[TimeControl "180+1"]
[EndTime "10:08:08 PDT"]
[Termination "bazar-wokzal won by resignation"]

1. e4 c5 2. c3 Nf6 3. e5 Nd5 4. d4 cxd4 5. cxd4 Nc6 6. Nc3 Nxc3 7.
bxc3 d5 8. Bd3 g6 9. h4 h5 10. Qc2 Be6 11. Ne2 Qd7 12. Nf4 Rc8 13. Qb1 Nd8 14.
Bd2 Bh6 15. Bb5 Nc6 16. O-O a6 17. Ba4 b5 18. Bc2 Bxf4 19. Bxf4 Bf5 20. Bxf5 Qxf5 21. Qxf5 gxf5 22. e6 fxe6 23. a4 b4 24. cxb4 Nxb4 25. Rfc1 Kd7 26. Bd2 Nc6 27. Rab1 Rb8 28. Bf4 Rxb1 29.
Rxb1 Ra8 30. Rb7+ Ke8 31. Bg5 Kf7 32. Rc7 Nxd4 33. Rxe7+ Kg6 34. Be3 Kf6 35. Bg5+ Kg6 36. Be3 Kf6 37. Rh7 Kg6 38. Rh6+ Kg7 39. Rxh5 Nc2 40.
Bf4 d4 41. Be5+ Kg6 42. Rg5+ Kh6 43. Rg3 Rd8 44. Rd3 Rd5 45. f4 Kh5 46. g3 Kg4 47. Kf2 Ra5 48. Rd2 d3 49. Rxd3 Rxa4 50. Rd7 Ra2 51.
Rg7+ Kh3 52. h5 Nb4+ 53. Ke3 Nd5+ 54. Kd4 a5 55. h6 Rd2+ 56. Kc5 Rc2+ 57. Kd6 Rc8 58.
Kxe6 Ne3 59. h7 Rh8 60. Ra7 Rxh7 61. Rxh7+ Kg4 62. Ra7 Kf3 1-0

[Event "*** Titled Tuesday Blitz"]
[Site "Chess.com"]
[Date "2021.04.06"]
[Round "1"]
[White "Rondo_Capriccioso"]
[Black "Alexander_Zubov"]
[Result "1/2-1/2"]
[WhiteElo "2482"]
[BlackElo "2988"]
[TimeControl "180+1"]
[EndTime "10:08:09 PDT"]
[Termination "Game drawn - insufficient material"]

1. e4 c5 2. Nf3 e6 3. d4 cxd4 4. Nxd4 a6 5. Bd3 Bc5 6. Nb3 Be7 7. Qg4 g6 8. Qe2 d6 9. c4 Nc6 10. Nc3 Ne5 11. Bc2 Qc7 12. Nd2 Nf6 13. O-O O-O 14. f4 Ned7 15. b3 b5 16. Bb2 Bb7 17.
Rac1 b4 18. Nd1 Nc5 19. Nf2 a5 20. e5 dxe5 21. Bxe5 Qb6 22. Kh1 Rad8 23. Rcd1 Qc6 24. Nf3 Rd7 25. Rxd7 Ncxd7 26. Bb2 Rd8 27. Rd1 Qc7 28.
Ne5 Nc5 29. Rxd8+ Qxd8 30. Kg1 Qa8 31. g4 Nfe4 32. g5 Nxf2 33. Qxf2 a4 34. Qd4 Qd8 35. Nd7 f6 36. gxf6 Qxd7 37. fxe7 Qxe7 38. Qh8+ Kf7 39. Qxh7+ Ke8 40. Bxg6+ Kd7 41. Qxe7+ Kxe7 42. Bd4 Ne4 43. Bxe4 Bxe4 44. bxa4 Bd3 45. c5 Bc4 46. c6 Kd6 47. a5 Kxc6 48. h4 Bxa2 49. h5 Bb1 50. h6 Kb5 51. Kf2 Kxa5 52. Kg3 Kb5 53. Kh4 Kc4 54. Be5 Bf5 55. Kg5 Kd3 56. Kf6 Ke4 57.
Kg7 b3 58. h7 Bxh7 59. Kxh7 b2 60. Bxb2 Kxf4 61. Kg7 e5 62. Bxe5+ 1/2-1/2

[Event "*** Titled Tuesday Blitz"]
[Site "Chess.com"]
[Date "2021.04.06"]
[Round "1"]
[White "Gerodot71"]
[Black "LordIron"]
[Result "1-0"]
[WhiteElo "2547"]
[BlackElo "2218"]
[TimeControl "180+1"]
[EndTime "10:08:09 PDT"]
[Termination "Gerodot71 won on time"]

1. d4 g6 2. e4 Bg7 3. Nc3 d6 4. g3 Nd7 5. Bg2 e5 6. Nge2 Ne7 7. O-O O-O 8. Be3 Nc6 9. Qd2 exd4 10. Nxd4 Nde5 11.
b3 Ng4 12. Nxc6 bxc6 13. Bd4 Ba6 14. Rfe1 Ne5 15. h3 Qd7 16. Kh1 c5 17. Be3 Rae8 18.
Rad1 Bb7 19. f4 Nc6 20. Bxc5 f5 21. Bg1 fxe4 22. Nxe4 Qf5 23. Kh2 Kh8 24. Ng5 Rxe1 25.
Rxe1 Nd8 26. Bxb7 Nxb7 27. Ne6 Re8 28. Nd4 Qf7 29. b4 Nd8 30. b5 Ne6 31. Nc6 Nc5 32. Bxc5 dxc5 33. Rxe8+ Qxe8 34. h4 Bf8 35. Qc3+ Kg8 36.
Qc4+ Kh8 37. a4 Bd6 38. Qd3 Qe6 39. c4 Qg4 40. a5 h6 41. Nxa7 g5 42. hxg5 hxg5 43.
fxg5 Qh5+ 44. Kg2 Qxg5 45. Nc8 Qg4 46. Nxd6 cxd6 47. a6 Qd7 48. Qc3+ Kg8 49. Qf3 1-0

[Event "*** Titled Tuesday Blitz"]
[Site "Chess.com"]
[Date "2021.04.06"]
[Round "1"]
[White "muchojogo"]
[Black "GalperinPlaton"]
[Result "0-1"]
[WhiteElo "2439"]
[BlackElo "2840"]
[TimeControl "180+1"]
[EndTime "10:08:10 PDT"]
[Termination "GalperinPlaton won by resignation"]

1. d4 Nf6 2. Bf4 b6 3. e3 Bb7 4.
Nf3 e6 5. Be2 d6 6. h3 Nbd7 7.
O-O h6 8. a4 g5 9. Bh2 g4 10. hxg4 Nxg4 11. Bg3 h5 12. Bh4 Be7 13. Bxe7 Qxe7 14. a5 Rg8 15. Nbd2 h4 16. a6 Bc6 17. b4 f5 18. b5 Be4 19. Nxe4 fxe4 20. Nd2 Ndf6 21.
Nxe4 Nxe4 22. Bxg4 O-O-O 23. Qf3 d5 24. Bh3 Rdf8 25.
Qh5 Ng5 26. Kh1 Qf6 27. Qg4 Kd7 28. c4 dxc4 29. d5 c3 30. dxe6+ Ke8 31. e7 Qxe7 32. Qh5+ Qf7 33. Qg4 Qe7 34. Rad1 Ne4 35. Qh5+ Rf7 36. Bd7+ Kf8 37. Kg1 Qg5 38. Qxg5 Rxg5 39. Bh3 Rxb5 40.
Rd8+ Kg7 41. Ra8 c6 42. Rc8 Rc5 43. Be6 Re7 44. Bg4 Nd2 45. Rc1 c2 46. Bf5 Rxf5 47. Rxc2 Nb3 48. R2xc6 Nc5 49. R6c7 Rxc7 50. Rxc7+ Rf7 51.
Rc8 Nxa6 52. Ra8 Nc5 53. Kh2 a5 54. Kh3 a4 55. f3 b5 56. Kxh4 b4 57. e4 a3 58. e5 b3 59. Rxa3 b2 60. e6 Rc7 61.
e7 Rxe7 0-1

[Event "*** Titled Tuesday Blitz"]
[Site "Chess.com"]
[Date "2021.04.06"]
[Round "1"]
[White "Byniolus"]
[Black "J36225"]
[Result "1-0"]
[WhiteElo "2889"]
[BlackElo "2453"]
[TimeControl "180+1"]
[EndTime "10:08:11 PDT"]
[Termination "Byniolus won by resignation"]

1. d4 Nf6 2. Nf3 e6 3. Bf4 d5 4. e3 Bd6 5. Bg3 c5 6. c3 O-O 7. Nbd2 Qc7 8. Ne5 Nc6 9. f4 Ne7 10.
Bd3 b6 11. O-O Nf5 12. Bf2 Be7 13. Qe2 Bb7 14. Rac1 Nd6 15. Bh4 Nfe4 16. Bxe7 Qxe7 17. a3 Rac8 18. Nxe4 Nxe4 19. Rfd1 f6 20. Nf3 Qd6 21. Qe1 cxd4 22. cxd4 Rxc1 23. Rxc1 Rc8 24. Rxc8+ Bxc8 25. Qc1 Bb7 26. Qc2 Qc6 27. Qxc6 Bxc6 28. Kf1 Kf7 29.
Ke2 Ke7 30. Kd1 Kd6 31. Kc2 h6 32. Bxe4 dxe4 33. Nd2 Bd5 34. Kc3 g5 35. g3 a5 36.
b4 f5 37. bxa5 bxa5 38. h4 gxf4 39. gxf4 Kc6 40. a4 h5 41. Nc4 Bxc4 42. Kxc4 Kd6 43. Kb5 Kd5 44. Kxa5 Kc4 45. Kb6 Kd3 46. a5 Kxe3 47. a6 Kf2 48. a7 e3 49. a8=Q e2 50.
Qa2 Kf1 51. Qxe6 e1=Q 52. Qxe1+ Kxe1 53. d5 Kf2 54. d6 Kg3 55. d7 Kxf4 56. d8=Q Kg4 57.
Qg5+ 1-0

[Event "*** Titled Tuesday Blitz"]
[Site "Chess.com"]
[Date "2021.04.06"]
[Round "1"]
[White "PavelChernomordik"]
[Black "Skat2704"]
[Result "0-1"]
[WhiteElo "2337"]
[BlackElo "2636"]
[TimeControl "180+1"]
[EndTime "10:08:11 PDT"]
[Termination "Skat2704 won on time"]

1. e4 c6 2. Nc3 d5 3. Qf3 dxe4 4. Nxe4 Nf6 5. Nxf6+ exf6 6. Bc4 Bd6 7. Ne2 O-O 8. d4 Na6 9. c3 Nc7 10. Bd2 Be6 11.
Bxe6 fxe6 12. O-O-O e5 13. g4 Qe7 14. Ng3 Qe6 15. Kb1 Rfe8 16. Nf5 Bf8 17. Rde1 Nd5 18.
h4 c5 19. dxe5 fxe5 20. h5 c4 21. g5 e4 22. Qh3 Qb6 23. Ka1 Qxf2 24. Rh2 Qf3 25.
Rf1 Qxh3 26. Rxh3 Rad8 27. Bc1 Bc5 28. g6 e3 29. gxh7+ Kxh7 30. Rg3 Rd7 31. Re1 Rf7 32.
Rg5 e2 33. Ng3 Be3 34. Bxe3 Nxe3 35. Rxe2 Nc2+ 36. Kb1 Rxe2 37. Nxe2 Ne3 38. b3 Rf1+ 39. Kb2 Rf2 40. bxc4 Rxe2+ 41. Kb3 Kh6 42. Rg6+ Kxh5 43. Rxg7 Nd1 44. c5 Rb2+ 45. Kc4 Ne3+ 46. Kd4 Nc2+ 47. Ke5 Na3 48. Kd6 Nc4+ 49. Kc7 Rb5 50. Kb8 Na5 51. Rc7 Rb2 52. a4 Rb3 53. Kxa7 Rxc3 0-1

[Event "*** Titled Tuesday Blitz"]
[Site "Chess.com"]
[Date "2021.04.06"]
[Round "1"]
[White "Matols"]
[Black "MPGM"]
[Result "1-0"]
[WhiteElo "2298"]
[BlackElo "2578"]
[TimeControl "180+1"]
[EndTime "10:08:11 PDT"]
[Termination "Matols won by resignation"]

1. d4 Nf6 2. c4 e6 3. g3 c5 4.
d5 exd5 5. cxd5 d6 6. Nc3 g6 7. Bg2 Bg7 8. Nf3 O-O 9. O-O Ne8 10. Bg5 f6 11. Bf4 Nd7 12. e4 Ne5 13. Nxe5 dxe5 14.
Be3 b6 15. Qd2 Nd6 16. Rfe1 Nc4 17. Qc1 Nxe3 18. Qxe3 Bd7 19. Rad1 h5 20. h4 Kh7 21. Kh2 f5 22. exf5 gxf5 23. d6 f4 24. Qd3+ Kh8 25. Nd5 Bf5 26. Be4 Bxe4 27. Qxe4 fxg3+ 28. fxg3 Qxd6 29. Nf4 Qf6 30. Ng6+ Kg8 31. Nxf8 Rxf8 32. Re2 Qf7 33. Qd5 e4 34. Qxf7+ Rxf7 35. Kg2 Bd4 36. b3 e3 37. Rf1 Kg7 38. Rxf7+ Kxf7 39. Kf3 Kf6 40. Ke4 a5 41. Re1 b5 42. Rf1+ Kg6 43. Kd3 a4 44. bxa4 bxa4 45. Rf8 a3 46. Ra8 Kf5 47. Rxa3 Kg4 48.
Ke2 Kxg3 49. Rxe3+ Bxe3 50. Kxe3 Kxh4 51. a4 c4 52. a5 c3 53. a6 c2 54. Kd2 Kg3 55. a7 h4 56. a8=Q h3 57. Qh1 1-0

[Event "*** Titled Tuesday Blitz"]
[Site "Chess.com"]
[Date "2021.04.06"]
[Round "1"]
[White "AldokhinIvan"]
[Black "akanga001"]
[Result "1-0"]
[WhiteElo "2491"]
[BlackElo "2030"]
[TimeControl "180+1"]
[EndTime "10:08:11 PDT"]
[Termination "AldokhinIvan won on time"]

1. e4 c6 2. Nc3 d5 3. d4 dxe4 4. Nxe4 Nf6 5. Nxf6+ gxf6 6. Be3 Bf5 7. g3 Qd5 8. Nf3 Nd7 9. Bg2 Qc4 10. c3 Qd3 11. Qxd3 Bxd3 12. O-O-O Bg6 13. d5 cxd5 14. Rxd5 e6 15.
Rd2 Bc5 16. Nd4 O-O-O 17. Rhd1 Ne5 18. Bf1 Ng4 19. Bf4 e5 20. Bh3 exf4 21. Bxg4+ Kc7 22. Nb5+ Kb6 23. Rxd8 Rxd8 24. Rxd8 Kxb5 25. Be2+ Kb6 26.
Bf3 Bxf2 27. g4 Be3+ 28. Kd1 Kc7 29. Re8 Bc5 30. h4 Bd3 31. Kd2 Bb5 32. Rh8 Be3+ 33. Kc2 f5 34. gxf5 Bd7 35. Be4 Kd6 36. Rxh7 Ke5 37.
Rxf7 Bc8 38. Re7+ Kf6 39. Re8 Bxf5 40. Rf8+ Ke5 41. Bxf5 f3 42. Bd3 f2 43. Kd1 Ke6 44. Ke2 Bb6 45. Rxf2 Ke7 46. Rf5 Bf2 47. h5 Bb6 48. h6 Ke6 49. h7 Bd8 50. h8=Q Bf6 51. Qxf6+ 1-0

[Event "*** Titled Tuesday Blitz"]
[Site "Chess.com"]
[Date "2021.04.06"]
[Round "1"]
[White "ehrenfeld"]
[Black "Chamal_Gedgafov"]
[Result "1-0"]
[WhiteElo "2534"]
[BlackElo "2202"]
[TimeControl "180+1"]
[EndTime "10:08:12 PDT"]
[Termination "ehrenfeld won on time"]

1. e4 e6 2. d4 d5 3. e5 c5 4. c3 Nc6 5. Nf3 Qb6 6. a3 c4 7. Nbd2 Bd7 8. Be2 Na5 9. O-O Ne7 10. Ne1 Nf5 11. g3 Be7 12. Ng2 h5 13. Rb1 h4 14.
Nf3 h3 15. Ne3 Nxe3 16. Bxe3 O-O-O 17. Bg5 f6 18. Bf4 Rdg8 19. Re1 Bd8 20. exf6 gxf6 21.
Bf1 Bc7 22. Bxc7 Qxc7 23. Kh1 Kb8 24. Re3 Qd6 25. Qe2 Nc6 26. Re1 Ne7 27. Rxe6 Bxe6 28. Qxe6 Qxe6 29. Rxe6 Nc6 30. Rd6 Rd8 31. Rxd8+ Rxd8 32.
Bxh3 Re8 33. Bf1 Ne7 34. Kg2 Nf5 35. h4 Nd6 36. h5 b5 37. Nh4 Nf7 38. Nf5 a5 39. Ne3 Rd8 40. Be2 Kc7 41. Bf3 Kc6 42.
g4 Nd6 43. Kg3 Ne4+ 44. Bxe4 dxe4 45. Kf4 Re8 46. Nf5 b4 47. axb4 axb4 48. cxb4 Kd5 49.
h6 Rb8 50. b5 Rxb5 51. h7 Rb8 52. Ne7+ Ke6 53. Ng8 Rxb2 54. h8=Q Rxf2+ 55. Kxe4 1-0

[Event "*** Titled Tuesday Blitz"]
[Site "Chess.com"]
[Date "2021.04.06"]
[Round "1"]
[White "LiverpooL174"]
[Black "SargissyanSargis"]
[Result "1-0"]
[WhiteElo "2690"]
[BlackElo "2373"]
[TimeControl "180+1"]
[EndTime "10:08:13 PDT"]
[Termination "LiverpooL174 won on time"]

1. Nf3 Nf6 2. b3 c5 3. Bb2 Nc6 4. e3 d5 5. Bb5 Bd7 6. c4 e6 7. O-O Be7 8. cxd5 exd5 9. d4 cxd4 10. Nxd4 O-O 11. Be2 Ne4 12. Nc3 Nxc3 13. Bxc3 Bf6 14. Rc1 Rc8 15. Qd2 Nxd4 16. Bxd4 Bxd4 17. Qxd4 Qa5 18.
a4 Be6 19. Bf3 Rfd8 20. h3 h6 21. Rfd1 Rc6 22. Rxc6 bxc6 23. b4 Qxa4 24. Ra1 Qb5 25. Rxa7 Rb8 26. Rc7 Qxb4 27. Qxb4 Rxb4 28. Rxc6 Rc4 29.
Ra6 Rc1+ 30. Kh2 g6 31. h4 h5 32. Kg3 Kg7 33. Ra5 Rc2 34. Bxd5 Bxd5 35. Rxd5 Rc4 36.
Rd4 Rc5 37. Kf3 Ra5 38. g3 Rb5 39. Ra4 Rc5 40. e4 Rb5 41. Kf4 Rb2 42. f3 Rb3 43.
Ra7 Rc3 44. Rb7 Rd3 45. g4 hxg4 46. fxg4 Rd1 47. Rb3 Rf1+ 48. Rf3 Ra1 49. Kg3 Ra4 50. Re3 Rb4 51. Kf4 Rc4 52. Rd3 Ra4 53. Rb3 Ra1 54.
Rf3 Rh1 55. Kg3 Rg1+ 56. Kh3 Ra1 57. Rf2 Re1 58. Rf4 Re3+ 59. Kg2 Ra3 60. g5 Rb3 61. Rf3 Rb4 62. Re3 Rb1 63. Kg3 Rb2 64. Kg4 Ra2 65. Rg3 Rb2 66. Kf4 Rf2+ 67. Ke5 Ra2 68. Rg4 Ra5+ 69. Kf4 Ra4 70. Rg3 Rb4 71. Rd3 Rb1 72. Rd7 Rf1+ 73. Kg3 Re1 74. Kf3 Rh1 75. e5 Kf8 76. Kg3 Re1 77. Kf4 Re2 78. Ra7 Re1 79.
Rb7 Re2 80. Rc7 Re1 81. Rc2 Kg7 82. Rf2 1-0